[Event "33rd ECCC Open 2017"]
[Site "Antalya"]
[Date "2017.10.14"]
[Round "7"]
[White "Makolli, Perparim"]
[Black "Delaney, Killian"]
[Result "0-1"]
[ECO "B17"]
[WhiteElo "2333"]
[BlackElo "2202"]
[Annotator "NA"]
[PlyCount "88"]
[EventType "team-tourn"]
[EventCountry "TUR"]
[SourceTitle "playchess.com"]
[Source "ChessBase"]
[SourceQuality "1"]
[WhiteTeam "Hasan Pristina"]
[BlackTeam "Gonzaga"]
[TimeControl "40/5400+30:1800+30"]

1. e4 c6 2. d4 d5 3. Nc3 dxe4 4. Nxe4 Nd7 5. Nf3 Ngf6 6. Ng3 c5 7. Bc4 b5 8. Be2 e6 9. O-O a6 10. a4 bxa4 11. c4 cxd4 12. Nxd4 Bb7 13. Qxa4 Qb6 14. Nc2 Bc6 15. Qa5 Qb7 16. f3 Bc5+ 17. Kh1 h5 18. Bd3 $17 (18. b4 $15 Bb6 19. Qg5) 18... h4 19. Ne2 h3 20. Ncd4 hxg2+ 21. Kxg2 Bxd4 22. Nxd4 Qb8 23. Rh1 Qd6 24. Nxc6 Qxc6 25. Be3 Rh5 26. Qa4 Qb7 27. b4 Kf8 28. Rae1 Ne5 29. Be2 Neg4 30. Bc5+ Kg8 31. h3 Ne5 32. Bd4 Ng6 33. Bxf6 gxf6 34. Kf2 a5 35. Ra1 Rb8 36. bxa5 Qa7+ 37. Kf1 Rb2 38. Rg1 Rxh3 39. c5 Qxc5 40. Qe4 f5 41. Rxg6+ fxg6 42. Qxe6+ Kg7 43. Kg2 Rh5 44. Rd1 Rh2+ 0-1

[Event "33rd ECCC Open 2017"]
[Site "Antalya"]
[Date "2017.10.14"]
[Round "7"]
[White "Salihu, Sami"]
[Black "Ashton, Adam G"]
[Result "0-1"]
[ECO "D37"]
[WhiteElo "2187"]
[BlackElo "2347"]
[Annotator "NA"]
[PlyCount "116"]
[EventType "team-tourn"]
[EventCountry "TUR"]
[SourceTitle "playchess.com"]
[Source "ChessBase"]
[SourceQuality "1"]
[WhiteTeam "Dardania"]
[BlackTeam "3CS Oldham"]
[TimeControl "40/5400+30:1800+30"]

1. d4 d5 2. Nf3 Nf6 3. c4 e6 4. Nc3 Be7 5. Bf4 O-O 6. e3 Nbd7 7. c5 {[%emt 0:00:00] D37: Queen's Gambit Declined: 5 Bf4} Ne4 8. Nb5 $146 ({Predecessor:} 8. Rc1 Nxc3 9. Rxc3 b6 10. c6 Nf6 11. a3 a5 12. Bd3 Ne4 13. Rc1 f6 14. Qc2 f5 {1-0 (40) Aronian,L (2793)-So,W (2812) Stavanger 2017}) 8... c6 9. Bc7 Qe8 10. Nd6 Nxd6 11. cxd6 Bd8 12. Bd3 Bxc7 13. dxc7 e5 14. dxe5 Nxe5 15. Ng5 Nxd3+ 16. Qxd3 g6 17. h4 Qe7 18. O-O-O f6 19. Nf3 Qc5+ 20. Qc3 Qxc3+ 21. bxc3 Rf7 22. e4 Rxc7 23. exd5 cxd5 24. Kb2 Be6 25. Rhe1 Bf7 26. Nd4 Rd8 27. Rd3 a6 $11 (27... Re8 $17 28. Rxe8+ Bxe8) 28. Rde3 Rdd7 29. g4 Kf8 30. f4 Re7 31. Kb3 Rxe3 32. Rxe3 Re7 33. Rxe7 Kxe7 34. Kb4 Kd6 35. g5 fxg5 36. hxg5 Be8 37. Kb3 Bd7 38. Kb4 b6 39. a3 a5+ 40. Kb3 Kc5 41. Nf3 Be6 42. Nd4 Bg4 43. Kc2 Kc4 44. Nc6 Bf5+ 45. Kb2 Kd3 46. Ne7 Be6 47. f5 gxf5 48. g6 hxg6 49. Nxg6 Ke3 50. Nf8 Bc8 51. Ng6 f4 52. c4 f3 53. Ne7 f2 54. Nxc8 f1=Q 55. cxd5 Qb5+ 56. Ka1 Qxd5 57. Na7 Kd2 58. a4 Qd4+ 0-1

[Event "33rd ECCC Open 2017"]
[Site "Antalya"]
[Date "2017.10.14"]
[Round "7"]
[White "Visintin, Roberto"]
[Black "Burke, Kevin A"]
[Result "1-0"]
[ECO "C01"]
[WhiteElo "2055"]
[BlackElo "1770"]
[Annotator "NA"]
[PlyCount "51"]
[EventType "team-tourn"]
[EventCountry "TUR"]
[SourceTitle "playchess.com"]
[Source "ChessBase"]
[SourceQuality "1"]
[WhiteTeam "Bonnevoie"]
[BlackTeam "Benildus"]
[TimeControl "40/5400+30:1800+30"]

1. e4 e6 2. d4 d5 3. Nc3 Bb4 4. exd5 exd5 5. Bd3 Ne7 6. Nge2 O-O 7. O-O c6 8. Ng3 Nd7 9. Nce2 Ng6 10. Nf5 Re8 11. Neg3 Ndf8 12. Qh5 Qc7 13. c3 Ba5 14. f4 Bd7 15. Nxg7 Kxg7 16. f5 Bxf5 17. Nxf5+ Kg8 18. Nh6+ Kg7 19. Rxf7+ Qxf7 20. Nxf7 Kxf7 21. Qf5+ Kg7 22. Bg5 Bd8 23. Rf1 Bxg5 24. Qxg5 Re6 25. h4 Kh8 26. h5 1-0

[Event "33rd ECCC Open 2017"]
[Site "Antalya"]
[Date "2017.10.14"]
[Round "7"]
[White "Mathioulakis, Fanis"]
[Black "Vihinen, Teemu"]
[Result "0-1"]
[ECO "A25"]
[WhiteElo "1902"]
[BlackElo "2164"]
[Annotator "NA"]
[PlyCount "72"]
[EventType "team-tourn"]
[EventCountry "TUR"]
[SourceTitle "playchess.com"]
[Source "ChessBase"]
[SourceQuality "1"]
[WhiteTeam "Chania"]
[BlackTeam "Etela-Vantaan"]
[TimeControl "40/5400+30:1800+30"]

1. c4 e5 2. Nc3 Nc6 3. g3 g6 4. Bg2 Bg7 5. e3 d6 6. Nge2 Be6 7. b3 Nge7 8. d4 exd4 9. exd4 Bf5 10. a3 Qd7 11. h4 O-O 12. O-O Bg4 13. f3 Bh3 14. Be3 Bxg2 15. Kxg2 d5 16. c5 Nf5 17. Bf2 Bh6 18. Qd3 Rfe8 19. f4 Bg7 20. Rad1 Re7 21. Qf3 Rae8 22. Rd3 Re4 23. Rfd1 Nd8 24. R1d2 c6 25. g4 Nh6 26. Ng3 Qxg4 27. Ncxe4 dxe4 28. Qxg4 Nxg4 29. Re2 f5 30. Rd1 Ne6 31. Ree1 Nxf4+ 32. Kf1 Nh2+ 33. Kg1 Nf3+ 34. Kf1 Nxe1 35. Bxe1 Rd8 36. Bc3 Nd5 0-1